 Dungeon Crawl Stone Soup version 0.30.0 (webtiles) character file.

Game seed: 17984879163766657976

11 browni3141 the Sneak (level 2, 0/27 HPs)
             Began as an Armataur Delver on May 6, 2023.
             Slain by a water moccasin (4 damage)
             ... on level 5 of the Dungeon.
             The game lasted 00:00:29 (159 turns).

browni3141 the Sneak (Armataur Delver)               Turns: 159, Time: 00:00:30

Health: 0/27       AC:  4    Str: 17    XL:     2   Next: 13%
Magic:  2/2        EV:  9    Int: 10    God:
Gold:   0          SH:  0    Dex: 11    Spells: 1/1 levels left

rFire   . . .        a - +0 short sword (freeze)
rCold   . . .        (no shield)
rNeg    . . .        b - +0 leather armour
rPois   .            (no helmet)
rElec   .            (no cloak)
rCorr   .            (no gloves)
SInv    .            (no barding)
Will    .....        (no amulet)
Stlth   +++          (no ring)
HPRegen 0.24/turn    (no ring)
MPRegen 0.08/turn

%: roll
@: lethally poisoned (0 -> -6), slowed, very slow
A: large, rugged brown scales 3, deformed body, armoured tail, roll, long
tongue, awkward tongue
a: no special abilities


You were on level 5 of the Dungeon.
You visited 1 branch of the dungeon, and saw 1 of its levels.

Inventory:

Hand Weapons
 a - a +0 short sword of freezing (weapon)
Armour
 b - a +0 leather armour (worn)
Wands
 g - a wand of digging (3)
Scrolls
 d - a scroll of magic mapping
 e - a scroll of fear
 F - a scroll of fog


   Skills:
 + Level 3.3 Fighting
 - Level 1.7 Short Blades
 - Level 1.3 Dodging
 - Level 5.4 Stealth


You had one spell level left.
You didn't know any spells.
Your spell library was empty.

Dungeon Overview and Level Annotations

Branches:
Dungeon (5/15)
 Temple: D:4-7

Altars:

Annotations:
D:5 Eustachio


Innate Abilities, Weirdness & Mutations

You are completely covered in rugged brown scales. (AC +3, +7% HP)
Armour fits poorly on your strangely shaped body.
You have a long armoured tail.
You roll when moving toward enemies. (Rampage)
Your long tongue fully drains potion bottles. (2x potion effects)
Your tongue gives you trouble enunciating. (1.5x scroll delay)


Message History

The adder closely misses you.
You hit the adder but do no damage.
Your tail-slap misses the adder.
You feel sick. The adder barely misses you. The adder bites you.
You miss the adder.
You feel sick.
You are no longer poisoned.
The adder barely misses you.
You hit the adder but do no damage. The adder bites you.
You are too injured to fight recklessly!
You are too injured to fight recklessly!
You are too injured to fight recklessly!
You are too injured to fight recklessly!
You feel yourself speed up.
You slurp down every last drop of the potion of haste!
The adder bites you.
You are too injured to fight recklessly!
You are too injured to fight recklessly!
You are too injured to fight recklessly!
You closely miss the adder. The adder barely misses you.
You hit the adder but do no damage. The adder bites you but does no damage.
You barely miss the adder. You closely miss the adder. The adder bites you.
You hit the adder.
The adder is moderately wounded.
The adder barely misses you.
You hit the adder.
The adder is moderately wounded.
The adder bites you.
* * * LOW HITPOINT WARNING * * *
You hit the adder.
The adder is severely wounded.
You closely miss the adder.
Your tail-slap misses the adder.
The adder is severely wounded.
The adder barely misses you.
You hit the adder but do no damage.
The adder is severely wounded.
The adder bites you but does no damage.
You hit the adder but do no damage.
The adder is severely wounded.
The adder completely misses you.
You miss the adder.
Your tail-slap misses the adder.
The adder is severely wounded.
You completely miss the adder.
Your tail-slap misses the adder.
The adder is severely wounded.
The adder closely misses you.
You barely miss the adder. You tail-slap the adder.
You kill the adder!
Training target 2.0 for Stealth reached!
Your Fighting skill increases to level 3!
You have reached level 2!
You start resting.
Your extra speed is starting to run out.
You feel yourself slow down.
HP restored. 3 kobolds come into view.
The kobold shouts! x3; You hear a shout!
A kobold brigand comes into view.
It is wielding a +0 dagger and quivering curare-tipped darts.
The kobold moves out of view. x2
The kobold brigand shouts!
You hear an angry hiss.
There are monsters nearby!
The kobold hits you but does no damage.
You hit the kobold.
The kobold is heavily wounded.
A water moccasin comes into view.
Eustachio the Magnificent comes into view.
He is wielding a +0 falchion.
The kobold hits you but does no damage.
You closely miss the kobold.
The kobold is heavily wounded.
Eustachio mumbles some strange words.
You hit the kobold.
You kill the kobold!
The kobold brigand throws a curare-tipped dart.
The curare-tipped dart hits you.
You are poisoned.
You have difficulty breathing.
You feel yourself slow down.
You feel very sick.
You feel sick.
You feel sick.
You feel sick.
As you slowly read the scroll labelled MOTHOTO VYIL, it crumbles to dust.
It is a scroll of brand weapon.
Your +0 short sword is covered with a thin layer of ice!
a - a +0 short sword of freezing (weapon)
You feel sick.
You are no longer poisoned.
The water moccasin bites you but does no damage.
The water moccasin bites you.
You are lethally poisoned!
The water moccasin poisons you!
Unknown command.
You aren't carrying any potions.
You miss the water moccasin.
* * * LOW HITPOINT WARNING * * *
You feel very sick.
The water moccasin bites you but does no damage.
The water moccasin closely misses you.
You closely miss the water moccasin.
* * * LOW HITPOINT WARNING * * *
You feel very sick. The water moccasin bites you.
You die... ......5 ....@ KS.

#5#######
#K5SK..K#
#######5#
###5# #.SK#
#@### ######.
#.#####......
#.##.......#
#.##.......#
#.##.......# #
#.##.......#.#
#.##.......#.#
#............#
######.##...##


You could see a water moccasin, a kobold brigand, an iron imp (summoned) and a
shadow imp (summoned).

Vanquished Creatures
  An adder (D:5)
  A kobold (D:5)
2 creatures vanquished.

Notes
Turn   | Place    | Note
-------+----------+-------------------------------------------
     0 | D:5      | browni3141 the Armataur Delver began the quest for the Orb.
     0 | D:5      | Reached XP level 1. HP: 19/19 MP: 1/1
    42 | D:5      | Reached skill level 3 in Fighting
    42 | D:5      | Reached XP level 2. HP: 8/27 MP: 2/2
   144 | D:5      | Noticed a kobold brigand
   146 | D:5      | Noticed a water moccasin
   146 | D:5      | Noticed Eustachio
   159 | D:5      | Slain by a water moccasin

Illustrated notes

Levels and vault maps discovered:
D:5:      layout_basic, uniq_edmund, uniq_crazy_yiuf_cottage, uniq_eustachio,
          uniq_blork_the_orc, uniq_pikel

Skill      XL: |  1 |
---------------+----+-----
Fighting       | 3 |  3.3
Short Blades   | |  1.7
Dodging        | |  1.3
Stealth        | |  5.4

Action                     || total
---------------------------++-------
  Melee: Short sword       ||    24
         Tailslap          ||     1
    Use: Potion            ||     1
         Scroll            ||     1
 Armour: Leather armour    ||     6
  Dodge: Dodged            ||    11
